 Dungeon Crawl Stone Soup version 0.29.1 (webtiles) character file.

Game seed: 16845854656298021026

9603 qw the Cleaver (level 11, -5/94 HPs)
             Began as a Minotaur Berserker on Sept 13, 2022.
             Was an Elder of Trog.
             Slain by an elephant (12 damage)
             ... on level 1 of the Lair of Beasts.
             The game lasted 00:03:23 (11480 turns).

qw the Cleaver (Minotaur Berserker)                Turns: 11480, Time: 00:03:23

Health: -5/94      AC: 13    Str: 26    XL:     11   Next: 25%
Magic:  10/10      EV:  5    Int:  4    God:    Trog [****..]
Gold:   396        SH: 17    Dex: 12    Spells: 10/10 levels left

rFire   + . .      SeeInvis +   Y - +2 war axe
rCold   . . .      Faith    .   d - +0 tower shield
rNeg    . . .      Spirit   .   k - +1 plate armour
rPois   +          Reflect  .   (helmet restricted)
rElec   .          Harm     .   (no cloak)
rCorr   .          Rampage  .   (no gloves)
Will    .....                   (no boots)
Stlth   ..........              (no amulet)
HPRegen 0.25/turn               q - ring of poison resistance
MPRegen 0.12/turn               f - ring of see invisible

@: on berserk cooldown, slowed, very slow
A: horns 2, retaliatory headbutt, thin skeletal structure 1, fire resistance 1
a: Renounce Religion, Berserk, Trog's Hand, Brothers in Arms


You were on level 1 of the Lair of Beasts.
You worshipped Trog.
Trog was greatly pleased with you.
You visited 2 branches of the dungeon, and saw 12 of its levels.
You also visited: Sewer.

You collected 555 gold pieces.
You spent 159 gold pieces at shops.


Innate Abilities, Weirdness & Mutations

You have a pair of horns on your head.
You reflexively headbutt those who attack you in melee.
You have a somewhat thin skeletal structure. (Dex +2, Stealth+)
Your flesh is heat resistant. (rF+)


   Skills:
 - Level 8.2 Fighting
 - Level 13.1 Axes
 - Level 3.6 Throwing
 - Level 6.2 Armour
 + Level 2.6 Dodging
 - Level 13.0 Shields


You had 10 spell levels left.
You didn't know any spells.
Your spell library was empty.

Inventory:

Hand Weapons
 h - the +1 flail "Asomm" {vamp, Dex+3 SInv}
   (You found it on level 9 of the Dungeon)

   It occasionally heals its wielder for a portion of the damage dealt when it
   wounds a living foe.
   Dex:       It affects your dexterity (+3).
   SInv:      It lets you see invisible.
 Y - a +2 war axe (weapon)
Missiles
 j - 7 boomerangs
 r - 4 javelins (quivered)
Armour
 d - a +0 tower shield (worn)
 k - a +1 plate armour (worn)
Jewellery
 a - a ring of ice
 f - a ring of see invisible (right hand)
 q - a ring of poison resistance (left hand)
 s - a +6 ring of dexterity
Scrolls
 i - a scroll of identify
Potions
 b - 2 potions of curing
 c - 3 potions of mutation
 g - 2 potions of might
 l - 3 potions of haste
 m - a potion of resistance

Dungeon Overview and Level Annotations

Branches:
Dungeon (11/15)            Temple (0/1) D:6            Lair (1/5) D:8
  Sewer (visited)
    Orc: D:9-12

Altars:
Ashenzari
Cheibriados
Fedhas
Gozag
Hepliaklqana
Kikubaaqudgha
Makhleb
Qazlal
Trog
Uskayaw

Shops:
D:2 [   D:3 *   D:4 (

Annotations:
D:3 3 runed translucent doors, qw's ghost, amateur MiBe


Message History

The elephant trunk-slaps you but does no damage.
The elephant tramples you but does no damage.
The elephant trunk-slaps you. The elephant barely misses you.
You furiously retaliate!
You headbutt the elephant. You block the elephant's attack.
The elephant tramples you.
You hold your ground!
The elephant barely misses you.
11473 ||| DRINKING potion of heal wounds.
You feel much better.
You block the elephant's attack. x2; The elephant tramples you!
You hold your ground!
You block the elephant's attack. The elephant tramples you.
You stumble backwards!
You slash the elephant!
The elephant is moderately wounded.
You hit the elephant.
The elephant is moderately wounded.
You block the elephant's attack.
The elephant trunk-slaps you but does no damage.
You hit the elephant. You headbutt the elephant!
The elephant is heavily wounded.
The elephant tramples you.
You stumble backwards!
You block the elephant's attack. x2
You barely miss the elephant.
You headbutt the elephant, but do no damage.
The elephant is heavily wounded.
You block the elephant's attack. The elephant trunk-slaps you.
You block the elephant's attack.
The elephant trunk-slaps you but does no damage.
You slash the elephant!
The elephant is severely wounded.
You block the elephant's attack.
The elephant trunk-slaps you but does no damage.
You hit the elephant but do no damage.
The elephant is severely wounded.
The elephant tramples you.
You stumble backwards!
You barely miss the elephant. You headbutt the elephant.
The elephant is severely wounded.
You block the elephant's attack.
The elephant trunk-slaps you but does no damage.
The elephant tramples you!
You die...

.. ...#########
...........##
......%....P#
(.....%.%...#
....#.##Y#P##
....#. #.###
.....##Y###
.......@Y.##
.......^...##
............##
.............##
..............##
......(........#
....>..........#
.....#........##
..##.<.....##


You could see 3 elephants.

Vanquished Creatures
  Josephine (D:10)
  A hydra (D:11)
  2 two-headed ogres
  A centaur warrior (D:9)
  2 elephants (Lair:1)
  2 cane toads (Lair:1)
  A hornet (D:9)
  2 wyverns
  5 yaks (D:9)
  4 wraiths (D:10)
  A steam dragon (D:8)
  Menkaure (D:3)
  A water moccasin (D:6)
  An ice beast (D:6)
  2 orc warriors (D:7)
  3 sky beasts
  2 ogres
  2 black bears (D:6)
  3 wolves (Lair:1)
  A kobold brigand (D:8)
  2 phantoms
  2 scorpions
  5 bullfrogs
  A gnoll sergeant (D:6)
  5 killer bees (D:9)
  2 howler monkeys (D:7)
  4 hounds
  2 orc priests (D:7)
  A jelly (D:6)
  A gnoll bouda (D:10)
  2 iguanas
  14 orc wizards
  17 gnolls
  7 adders
  5 river rats (Sewer)
  A shadow imp (D:7)
  A white imp (D:6)
  An ufetubus (D:3)
  4 dart slugs
  2 worms (D:2)
  31 orcs
  10 ball pythons
  5 bats
  3 endoplasms
  3 giant cockroaches (D:1)
  5 goblins
  7 hobgoblins
  6 jackals (D:3)
  4 quokkas
  16 frilled lizards
  15 kobolds
  22 rats
244 creatures vanquished.

Vanquished Creatures (others)
  A human (D:3)
1 creature vanquished.

Grand Total: 245 creatures vanquished

Notes
Turn   | Place    | Note
-------+----------+-------------------------------------------
     0 | D:1      | qw the Minotaur Berserker began the quest for the Orb.
     0 | D:1      | Reached XP level 1. HP: 19/19 MP: 0/0
     0 | D:1      | 0 ||| qw: Version: 0.1-a-119-g272c26d
     0 | D:1      | 0 ||| qw: Game counter: 11305
     0 | D:1      | 0 ||| qw: Always use a shield: true
     0 | D:1      | 0 ||| qw: Do Orc after D:15 true
     0 | D:1      | 0 ||| qw: Do second Lair branch before Depths: true
     0 | D:1      | 0 ||| qw: Lair rune preference: random
     0 | D:1      | 0 ||| qw: Plans: Normal
     0 | D:1      | 0 ||| PLANNING D:1-11
    28 | D:1      | 28 ||| Stepping ~*~*~tactically~*~*~ (stealth).
    29 | D:1      | 29 ||| Stepping ~*~*~tactically~*~*~ (stealth).
    94 | D:1      | Reached XP level 2. HP: 26/26 MP: 1/1
   146 | D:1      | 146 ||| Stepping ~*~*~tactically~*~*~ (stealth).
   157 | D:1      | 157 ||| Stepping ~*~*~tactically~*~*~ (stealth).
   187 | D:1      | 187 ||| Stepping ~*~*~tactically~*~*~ (hiding).
   289 | D:1      | 289 ||| Stepping ~*~*~tactically~*~*~ (hiding).
   532 | D:1      | 532 ||| DROPPING +0 club.
   629 | D:1      | 629 ||| Stepping ~*~*~tactically~*~*~ (stealth).
   642 | D:1      | 642 ||| Stepping ~*~*~tactically~*~*~ (stealth).
   721 | D:1      | Reached ** piety under Trog
   772 | D:1      | Reached XP level 3. HP: 29/31 MP: 2/2
   811 | D:1      | 811 ||| Stepping ~*~*~tactically~*~*~ (stealth).
   878 | D:1      | 878 ||| UPGRADING to +0 scale mail.
   888 | D:1      | 888 ||| DROPPING +0 animal skin.
   889 | D:1      | 889 ||| READING scroll labelled VUBBOE XASOGH.
   890 | D:1      | 890 ||| READING scroll labelled MUEHYK VIMOVEINGUCW.
   891 | D:1      | 891 ||| READING scroll labelled BOEBUTE GEDU.
   892 | D:1      | 892 ||| Stepping randomly (stuck).
   893 | D:1      | 893 ||| Stepping ~*~*~tactically~*~*~ (cloud).
   899 | D:1      | HP: 7/31 [poisoned by you (poison gas)]
  1282 | D:2      | 1282 ||| INVOKING Berserk.
  1310 | D:2      | 1310 ||| Stepping ~*~*~tactically~*~*~ (stealth).
  1332 | D:2      | 1332 ||| Stepping ~*~*~tactically~*~*~ (stealth).
  1340 | D:2      | 1340 ||| Stepping ~*~*~tactically~*~*~ (stealth).
  1354 | D:2      | 1354 ||| FLEEEEING.
  1355 | D:2      | 1355 ||| FLEEEEING.
  1356 | D:2      | 1356 ||| FLEEEEING.
  1357 | D:2      | 1357 ||| FLEEEEING.
  1432 | D:2      | Found Soluen Haud's Antique Armour Boutique.
  1441 | D:2      | 1441 ||| SHOPLISTING cloak (94 gold, have 61).
  1441 | D:2      | 1441 ||| SHOPLISTING jet-studded chain mail (199 gold, have
                  | 61).
  1441 | D:2      | 1441 ||| SHOPLISTING runed plate armour (546 gold, have
                  | 61).
  1441 | D:2      | 1441 ||| SHOPLISTING shimmering plate armour (588 gold,
                  | have 61).
  1761 | D:2      | 1761 ||| INVOKING Berserk.
  1979 | D:2      | Reached skill level 6 in Axes
  1979 | D:2      | Reached XP level 4. HP: 38/38 MP: 3/3
  2005 | D:2      | Found a faded altar of an unknown god.
  2031 | D:2      | 2031 ||| Stepping ~*~*~tactically~*~*~ (hiding).
  2177 | D:2      | 2177 ||| UPGRADING to +0 chain mail.
  2187 | D:2      | 2187 ||| DROPPING +0 scale mail.
  2188 | D:2      | 2188 ||| READING scroll labelled ATSOGU TUFU.
  2189 | D:2      | 2189 ||| READING scroll labelled RUCATZU ERRO.
  2190 | D:2      | 2190 ||| READING scroll labelled LOUXOY UNIA.
  2191 | D:2      | 2191 ||| READING scroll labelled DAVVUDGHE MEMOPS.
  2192 | D:2      | 2192 ||| READING scroll labelled WEDIWK VACOS.
  2193 | D:2      | 2193 ||| READING scroll labelled PAGOFU XYERR.
  2207 | D:3      | 2207 ||| STAIRDANCE
  2260 | D:2      | 2260 ||| SWAPPING to +0 war axe.
  2261 | D:2      | 2261 ||| DROPPING +1 hand axe.
  2265 | D:3      | 2265 ||| STAIRDANCE
  2270 | D:3      | 2270 ||| INVOKING Berserk.
  2277 | D:3      | 2277 ||| STAIRDANCE
  2434 | D:3      | Reached *** piety under Trog
  2458 | D:3      | Found a blossoming altar of Fedhas.
  2459 | D:3      | 2459 ||| Stepping ~*~*~tactically~*~*~ (hiding).
  2578 | D:3      | 2578 ||| Stepping ~*~*~tactically~*~*~ (stealth).
  2585 | D:3      | 2585 ||| Stepping ~*~*~tactically~*~*~ (stealth).
  2589 | D:3      | 2589 ||| Stepping ~*~*~tactically~*~*~ (hiding).
  2590 | D:3      | 2590 ||| INVOKING Berserk.
  2594 | D:3      | Reached XP level 5. HP: 45/45 MP: 4/4
  2721 | D:3      | Found an ancient bone altar of Kikubaaqudgha.
  2754 | D:3      | Noticed a human
  2757 | D:3      | Killed a human
  2856 | D:3      | Found a faded altar of an unknown god.
  2925 | D:3      | Found a runed translucent gate.
  2925 | D:3      | Found a runed translucent gate.
  2925 | D:3      | Found a runed translucent gate.
  2926 | D:3      | Noticed qw's ghost (amateur MiBe)
  2951 | D:3      | Found an opulent altar of Gozag.
  3111 | D:3      | 3111 ||| FLEEEEING.
  3112 | D:3      | 3112 ||| FLEEEEING.
  3114 | D:3      | 3114 ||| FLEEEEING.
  3115 | D:3      | 3115 ||| FLEEEEING.
  3117 | D:3      | 3117 ||| FLEEEEING.
  3118 | D:3      | 3118 ||| FLEEEEING.
  3119 | D:3      | 3119 ||| FLEEEEING.
  3121 | D:3      | 3121 ||| FLEEEEING.
  3122 | D:3      | 3122 ||| FLEEEEING.
  3123 | D:3      | 3123 ||| FLEEEEING.
  3124 | D:3      | 3124 ||| FLEEEEING.
  3125 | D:3      | 3125 ||| FLEEEEING.
  3126 | D:3      | 3126 ||| FLEEEEING.
  3127 | D:3      | 3127 ||| FLEEEEING.
  3129 | D:3      | 3129 ||| FLEEEEING.
  3131 | D:3      | 3131 ||| FLEEEEING.
  3132 | D:3      | 3132 ||| FLEEEEING.
  3133 | D:3      | 3133 ||| FLEEEEING.
  3134 | D:3      | 3134 ||| FLEEEEING.
  3135 | D:3      | 3135 ||| FLEEEEING.
  3137 | D:3      | 3137 ||| FLEEEEING.
  3142 | D:3      | 3142 ||| FLEEEEING.
  3143 | D:3      | 3143 ||| FLEEEEING.
  3143 | D:3      | HP: 11/46 [poisoned by a kobold]
  3144 | D:3      | 3144 ||| FLEEEEING.
  3145 | D:3      | 3145 ||| FLEEEEING.
  3146 | D:3      | 3146 ||| FLEEEEING.
  3147 | D:3      | 3147 ||| FLEEEEING.
  3148 | D:3      | 3148 ||| FLEEEEING.
  3148 | D:3      | HP: 7/46 [poisoned by a kobold]
  3149 | D:3      | 3149 ||| FLEEEEING.
  3150 | D:3      | 3150 ||| FLEEEEING.
  3154 | D:3      | 3154 ||| STAIRDANCE
  3409 | D:2      | 3409 ||| UPGRADING to +0 tower shield.
  3414 | D:2      | 3414 ||| READING scroll labelled ZIOR WIFIAKH.
  3414 | D:2      | Identified a scroll of acquirement
  3414 | D:2      | 3414 ||| ACQUIRING ring of ice
  3414 | D:2      | Acquired a ring of ice
  3416 | D:2      | 3416 ||| READING scroll labelled YSSEIQ KIZXERR.
  3419 | D:2      | 3419 ||| DRINKING 2 metallic golden potions.
  3419 | D:2      | Gained mutation: Your flesh is heat resistant. (rF+)
                  | [potion of mutation]
  3419 | D:2      | Gained mutation: You have a somewhat thin skeletal
                  | structure. (Dex +2, Stealth+) [potion of mutation]
  3420 | D:2      | 3420 ||| DRINKING 2 sapphire potions.
  3421 | D:2      | 3421 ||| DROPPING potion of invisibility.
  3444 | D:3      | 3444 ||| Stepping ~*~*~tactically~*~*~ (stealth).
  3448 | D:3      | 3448 ||| Stepping ~*~*~tactically~*~*~ (stealth).
  3456 | D:3      | 3456 ||| Stepping ~*~*~tactically~*~*~ (stealth).
  3458 | D:3      | 3458 ||| Stepping ~*~*~tactically~*~*~ (stealth).
  3469 | D:3      | Found Ulyerait's Assorted Antiques.
  3479 | D:3      | 3479 ||| BUYING 2 murky black potions (61 gold).
  3479 | D:3      | Bought 2 murky black potions for 61 gold pieces
  3479 | D:3      | 3479 ||| SHOPLISTING glowing scale mail (238 gold, have
                  | 103).
  3479 | D:3      | 3479 ||| SHOPLISTING potion of mutation (272 gold, have
                  | 103).
  3479 | D:3      | 3479 ||| SHOPLISTING ring of ice (850 gold, have 103).
  3479 | D:3      | 3479 ||| BUYING scroll of identify (68 gold).
  3479 | D:3      | Bought a scroll of identify for 68 gold pieces
  3479 | D:3      | 3479 ||| BUYING viscous ruby potion (30 gold).
  3479 | D:3      | Bought a viscous ruby potion for 30 gold pieces
  3889 | D:3      | 3889 ||| DRINKING 2 murky black potions.
  3890 | D:3      | 3890 ||| READING 3 scrolls of identify.
  3890 | D:3      | 3890 ||| IDENTIFYING viscous ruby potion
  3891 | D:3      | 3891 ||| READING 2 scrolls of identify.
  3891 | D:3      | 3891 ||| IDENTIFYING metallic orange potion
  3892 | D:3      | 3892 ||| DROPPING potion of magic.
  3946 | D:4      | Noticed Menkaure
  3947 | D:4      | 3947 ||| STAIRDANCE
  3949 | D:3      | 3949 ||| INVOKING Berserk.
  3952 | D:3      | Killed Menkaure
  3953 | D:3      | Reached skill level 3 in Shields
  3953 | D:3      | Reached XP level 6. HP: 52/52 MP: 5/5
  4283 | D:4      | 4283 ||| Stepping ~*~*~tactically~*~*~ (hiding).
  4289 | D:4      | 4289 ||| INVOKING Berserk.
  4347 | D:4      | 4347 ||| Stepping ~*~*~tactically~*~*~ (stealth).
  4393 | D:4      | 4393 ||| Stepping ~*~*~tactically~*~*~ (stealth).
  4397 | D:4      | 4397 ||| Stepping ~*~*~tactically~*~*~ (hiding).
  4399 | D:4      | 4399 ||| INVOKING Berserk.
  4494 | D:4      | Found Midiatemabla's Weapon Shoppe.
  4499 | D:4      | 4499 ||| SHOPLISTING +2 flail of protection (226 gold, have
                  | 15).
  4509 | D:4      | 4509 ||| INVOKING Berserk.
  4514 | D:4      | Reached skill level 6 in Shields
  4514 | D:4      | Reached XP level 7. HP: 59/59 MP: 6/6
  4650 | D:4      | Reached **** piety under Trog
  4970 | D:4      | 4970 ||| Stepping ~*~*~tactically~*~*~ (stealth).
  5063 | D:4      | 5063 ||| Stepping ~*~*~tactically~*~*~ (stealth).
  5160 | D:4      | 5160 ||| READING scroll of enchant weapon.
  5160 | D:4      | 5160 ||| ENCHANTING +0 war axe.
  5277 | D:4      | 5277 ||| READING scroll labelled ISIZOTIUVU.
  5278 | D:4      | 5278 ||| READING 3 scrolls of identify.
  5278 | D:4      | 5278 ||| IDENTIFYING amethyst potion
  5279 | D:4      | 5279 ||| READING 2 scrolls of identify.
  5279 | D:4      | 5279 ||| IDENTIFYING clear potion
  5280 | D:4      | 5280 ||| DROPPING potion of ambrosia.
  5328 | D:3      | Found a burning altar of Makhleb.
  5340 | D:5      | Entered Level 5 of the Dungeon
  5341 | D:5      | 5341 ||| PLANNING SEWER
  5341 | D:5      | 5341 ||| STAIRDANCE
  5346 | D:4      | 5346 ||| DROPPING +0 whip.
  5359 | D:5      | Found a glowing drain.
  5363 | D:5      | 5363 ||| FLEEEEING.
  5364 | D:5      | 5364 ||| FLEEEEING.
  5365 | D:5      | 5365 ||| FLEEEEING.
  5366 | D:5      | 5366 ||| FLEEEEING.
  5367 | D:5      | 5367 ||| STAIRDANCE
  5375 | D:5      | 5375 ||| STAIRDANCE
  5392 | Sewer    | Entered a sewer
  5709 | Sewer    | 5709 ||| READING 4 scrolls of identify.
  5709 | Sewer    | 5709 ||| IDENTIFYING grey potion
  5710 | Sewer    | 5710 ||| READING 3 scrolls of identify.
  5710 | Sewer    | 5710 ||| IDENTIFYING inky potion
  5711 | Sewer    | 5711 ||| DROPPING potion of attraction.
  5748 | D:5      | 5748 ||| PLANNING D:1-11
  5896 | D:5      | Found a hide-covered altar of Uskayaw.
  6456 | D:5      | 6456 ||| UPGRADING to +0 plate armour.
  6466 | D:5      | 6466 ||| DROPPING +0 chain mail.
  6467 | D:5      | 6467 ||| READING scroll of enchant armour.
  6467 | D:5      | 6467 ||| ENCHANTING +0 plate armour.
  6468 | D:5      | 6468 ||| READING 2 scrolls of identify.
  6468 | D:5      | 6468 ||| IDENTIFYING fuming amethyst potion
  6511 | D:6      | 6511 ||| INVOKING Berserk.
  6523 | D:6      | 6523 ||| STAIRDANCE
  6643 | D:6      | Reached skill level 9 in Shields
  6643 | D:6      | Reached XP level 8. HP: 53/66 MP: 7/7
  6722 | D:6      | Reached skill level 3 in Armour
  6743 | D:6      | 6743 ||| Stepping ~*~*~tactically~*~*~ (stealth).
  6785 | D:6      | 6785 ||| INVOKING Berserk.
  6931 | D:6      | 6931 ||| DROPPING +5 mace.
  7080 | D:6      | 7080 ||| INVOKING Berserk.
  7084 | D:6      | Reached skill level 9 in Axes
  7330 | D:6      | Found a staircase to the Ecumenical Temple.
  7344 | D:6      | 7344 ||| Stepping ~*~*~tactically~*~*~ (hiding).
  7345 | D:6      | 7345 ||| Stepping ~*~*~tactically~*~*~ (hiding).
  7346 | D:6      | 7346 ||| Stepping ~*~*~tactically~*~*~ (hiding).
  7347 | D:6      | 7347 ||| Stepping ~*~*~tactically~*~*~ (hiding).
  7432 | D:6      | 7432 ||| INVOKING Berserk.
  7760 | D:7      | 7760 ||| Stepping ~*~*~tactically~*~*~ (hiding).
  7764 | D:7      | 7764 ||| INVOKING Berserk.
  7778 | D:7      | 7778 ||| Stepping ~*~*~tactically~*~*~ (hiding).
  7789 | D:7      | HP: 16/67 [orc warrior/+0 hand axe (7)]
  7790 | D:7      | 7790 ||| DRINKING 2 potions of heal wounds.
  7792 | D:7      | 7792 ||| INVOKING Berserk.
  7963 | D:7      | Found a snail-covered altar of Cheibriados.
  8014 | D:7      | Reached XP level 9. HP: 69/74 MP: 8/8
  8037 | D:7      | 8037 ||| Stepping ~*~*~tactically~*~*~ (stealth).
  8090 | D:7      | 8090 ||| DROPPING +1 vorpal mace.
  8177 | D:7      | 8177 ||| READING scroll of enchant weapon.
  8177 | D:7      | 8177 ||| ENCHANTING +1 war axe.
  8214 | D:7      | 8214 ||| INVOKING Berserk.
  8717 | D:7      | 8717 ||| DRINKING 2 potions of curing.
  8717 | D:7      | 8717 ||| (to cure confusion)
  8718 | D:7      | 8718 ||| INVOKING Berserk.
  8893 | D:7      | 8893 ||| Stepping ~*~*~tactically~*~*~ (hiding).
  9067 | D:7      | 9067 ||| DROPPING scarf of shadows.
  9068 | D:7      | 9068 ||| READING 3 scrolls of identify.
  9068 | D:7      | 9068 ||| IDENTIFYING fizzy black potion
  9069 | D:7      | 9069 ||| READING 2 scrolls of identify.
  9069 | D:7      | 9069 ||| IDENTIFYING fizzy amethyst potion
  9070 | D:7      | 9070 ||| DROPPING potion of flight.
  9071 | D:7      | 9071 ||| DROPPING potion of degeneration.
  9096 | D:8      | Found a staircase to the Lair.
  9506 | D:8      | 9506 ||| INVOKING Berserk.
  9632 | D:8      | Noticed a two-headed ogre
  9634 | D:8      | 9634 ||| INVOKING Berserk.
  9640 | D:8      | Killed a two-headed ogre
  9784 | D:8      | Found a bloodstained altar of Trog.
  9826 | D:8      | You fall into a shaft and drop 3 floors!
  9834 | D:11     | 9834 ||| UPGRADING to ring of poison resistance.
  9835 | D:11     | 9835 ||| READING scroll labelled PIHEVV WUSYS.
  9836 | D:11     | 9836 ||| READING scroll labelled BEKHLUURGHIM.
  9838 | D:11     | Noticed an eight-headed hydra
  9839 | D:11     | 9839 ||| INVOKING Brothers in Arms.
  9840 | D:11     | 9840 ||| INVOKING Brothers in Arms.
  9841 | D:11     | 9841 ||| SWAPPING to +0 flail.
  9842 | D:11     | 9842 ||| INVOKING Berserk.
  9844 | D:11     | Killed an eight-headed hydra
  9845 | D:11     | Reached XP level 10. HP: 77/88 MP: 9/9
  9987 | D:11     | 9987 ||| SWAPPING to +2 war axe.
  9993 | D:10     | Entered Level 10 of the Dungeon
 10011 | D:10     | Noticed a two-headed ogre
 10015 | D:10     | 10015 ||| INVOKING Berserk.
 10017 | D:10     | Killed a two-headed ogre
 10104 | D:10     | 10104 ||| Stepping ~*~*~tactically~*~*~ (stealth).
 10105 | D:10     | 10105 ||| Stepping ~*~*~tactically~*~*~ (stealth).
 10106 | D:10     | 10106 ||| Stepping ~*~*~tactically~*~*~ (stealth).
 10114 | D:10     | Reached skill level 12 in Shields
 10132 | D:10     | Noticed Josephine
 10142 | D:10     | Killed Josephine
 10143 | D:10     | Reached skill level 6 in Armour
 10148 | D:10     | 10148 ||| INVOKING Berserk.
 10327 | D:10     | Found a hazy altar of Hepliaklqana.
 10335 | D:10     | 10335 ||| INVOKING Berserk.
 10453 | D:10     | Found a broken altar of Ashenzari.
 10506 | D:10     | 10506 ||| UPGRADING to ring of see invisible.
 10521 | D:9      | Reached skill level 12 in Axes
 10701 | D:9      | Identified the +1 flail "Asomm" {vamp, Dex+3 SInv}
 10703 | D:9      | 10703 ||| DROPPING +0 flail.
 10774 | D:9      | 10774 ||| Stepping ~*~*~tactically~*~*~ (stealth).
 10842 | D:9      | Noticed a centaur warrior
 10843 | D:9      | 10843 ||| Stepping ~*~*~tactically~*~*~ (hiding).
 10851 | D:9      | 10851 ||| INVOKING Berserk.
 10855 | D:9      | Killed a centaur warrior
 10871 | D:9      | 10871 ||| Stepping ~*~*~tactically~*~*~ (stealth).
 11046 | D:9      | Found a stormy altar of Qazlal.
 11068 | D:9      | 11068 ||| Stepping ~*~*~tactically~*~*~ (stealth).
 11070 | D:9      | 11070 ||| Stepping ~*~*~tactically~*~*~ (stealth).
 11076 | D:9      | 11076 ||| Stepping ~*~*~tactically~*~*~ (stealth).
 11086 | D:9      | Reached XP level 11. HP: 74/94 MP: 10/10
 11247 | D:9      | 11247 ||| READING scroll labelled SECLOU ONWISA.
 11248 | D:9      | 11248 ||| READING 2 scrolls of identify.
 11248 | D:9      | 11248 ||| IDENTIFYING fizzy brown potion
 11249 | D:9      | 11249 ||| DROPPING potion of lignification.
 11307 | D:8      | 11307 ||| Stepping ~*~*~tactically~*~*~ (stealth).
 11406 | D:8      | 11406 ||| PLANNING LAIR
 11406 | D:8      | 11406 ||| READING 2 scrolls of identify.
 11406 | D:8      | 11406 ||| IDENTIFYING bubbling inky potion
 11407 | D:8      | 11407 ||| DROPPING potion of berserk rage.
 11430 | Lair:1   | Entered Level 1 of the Lair of Beasts
 11450 | Lair:1   | 11450 ||| INVOKING Berserk.
 11467 | Lair:1   | Reached skill level 3 in Throwing
 11472 | Lair:1   | HP: 16/94 [elephant (14)]
 11473 | Lair:1   | 11473 ||| DRINKING potion of heal wounds.
 11477 | Lair:1   | HP: 12/94 [elephant (2)]
 11480 | Lair:1   | Slain by an elephant

Levels and vault maps discovered:
D:1:      wander_arrival_peaceful_grave, layout_basic, minivault_14
D:2:      layout_loops_cross, serial_shops, shop,
          shapermc_ecumenical_altar_notcrosses, serial_park_tiny_1,
          serial_bayou_pond_b
D:3:      layout_loops_ring, nicolae_gozag_cash_rules_everything_around_me,
          nicolae_overflow_crystal_walls, tgw_kikubaaqudgha,
          nicolae_overflow_ecumenical_swirl, ebering_ghost_rock_garden,
          serial_shops, nicolae_shop_hallway_plus, minmay_misc_feat_room
D:4:      layout_cave_pods, serial_shops, nicolae_square_shop,
          serial_column_ruins, column_ruins_columns_straight,
          column_ruins_grid_1, column_ruins_grid_3, column_ruins_open_tiny,
          column_ruins_open_tiny, uniq_menkaure
D:5:      layout_gridville, eat_drink_and_be_merry_uskayaw, portal_sewer_entry_a
D:6:      layout_basic, minmay_temple_entry_grid
D:7:      layout_loops_ring, general_overflow_altar, grunt_ministairs_8
D:8:      layout_basic, kennysheep_mini_moat, lair_entry_dummy
D:9:      layout_loops_ring, mainiacjoe_overflow_six_doors_small, tgw_xom,
          zin_academy, hangedman_decor_slide_cut, uniq_pikel
D:10:     layout_stronghold, mainiacjoe_overflow_surrounded_room,
          kennysheep_little_box, nicolae_ru_the_path_less_chosen,
          uniq_josephine, uniq_fannar
D:11:     layout_basic, nzn_ghost_randoct
Lair:1:   layout_gridlike, grunt_megastairs_5

Skill      XL: |  1  2  3  4  5  6  7  8  9 10 11 |
---------------+----------------------------------+-----
Axes           | 4 5 6 7 9 11 13 | 13.1
Fighting       | 4 5 8 |  8.2
Shields        | 3 6 9 10 11 12 13 | 13.0
Armour         | 3 4 6 |  6.2
Throwing       | 2 3 |  3.6
Dodging        | |  2.6

Action                   |  1- 3 |  4- 6 |  7- 9 | 10-12 || total
-------------------------+-------+-------+-------+-------++-------
Melee: Hand axe          |   102 |    10 |       |       ||   112
       Headbutt          |    12 |    13 |    53 |    30 ||   108
       War axe           |       |    90 |   245 |   128 ||   463
       Punch             |       |     1 |       |       ||     1
       Flail             |       |       |     2 |       ||     2
Throw: Boomerang         |       |     4 |    52 |     6 ||    62
       Javelin           |       |       |       |     7 ||     7
Invok: Berserk           |     2 |     6 |    11 |     5 ||    24
       Brothers in Arms  |       |       |     1 |       ||     1
  Use: Scroll            |     3 |    10 |    13 |     3 ||    29
       Potion            |       |     3 |     2 |     1 ||     6
Armor: Animal skin       |    13 |       |       |       ||    13
       Scale mail        |    14 |     2 |       |       ||    16
       Chain mail        |       |    25 |    22 |       ||    47
       Plate armour      |       |       |    73 |    87 ||   160
Dodge: Dodged            |    30 |    24 |    23 |    31 ||   108
Block: Tower shield      |       |    35 |   184 |   141 ||   360

Table legend:
 A = Non-vault XP
 B = Vault XP
 C = Vault XP percentage of total XP
 D = Non-vault monster count
 E = Vault monster count
 F = Vault count percentage of total count
                 A         B        C        D         E       F
            +---------+---------+-------+---------+---------+-------
      Total |   11471 |    2248 |  16.4 |     204 |      40 |  16.4
            +---------+---------+-------+---------+---------+-------
        D:1 |      46 |       0 |   0.0 |      28 |       0 |   0.0
        D:2 |      58 |      11 |  15.9 |      19 |       6 |  24.0
        D:3 |     140 |     172 |  55.1 |      28 |       1 |   3.4
        D:4 |     413 |       0 |   0.0 |      27 |       0 |   0.0
        D:5 |     272 |      17 |   5.9 |       6 |       5 |  45.5
        D:6 |    1242 |       0 |   0.0 |      24 |       0 |   0.0
        D:7 |    1223 |     225 |  15.5 |      25 |       2 |   7.4
        D:8 |    1337 |       0 |   0.0 |      13 |       0 |   0.0
        D:9 |    2611 |       0 |   0.0 |      18 |       0 |   0.0
       D:10 |    1133 |    1729 |  60.4 |       7 |       5 |  41.7
       D:11 |     861 |       0 |   0.0 |       1 |       0 |   0.0
     Lair:1 |    2135 |       0 |   0.0 |       8 |       0 |   0.0
      Sewer |       0 |      94 | 100.0 |       0 |      21 | 100.0
            +---------+---------+-------+---------+---------+-------
